 Dungeon Crawl Stone Soup version 0.31-a0-977-gc230f8ef24 (webtiles) character file.

Game seed: 495224307515186791

436 tsujin the Ruffian (level 7, -2/54 HPs)
             Began as a Gnoll Shapeshifter on Oct 30, 2023.
             Slain by a gnoll sergeant
             ... wielding a +0 trident
              (7 damage)
             ... on level 5 of the Dungeon.
             The game lasted 00:04:27 (2548 turns).

tsujin the Ruffian (Gnoll Shapeshifter)             Turns: 2548, Time: 00:04:27

Health: -2/54      AC: 11    Str: 15    XL:     7   Next: 1%
Magic:  10/10      EV:  6    Int:  9    God:
Gold:   175        SH:  0    Dex: 18    Spells: 10/10 levels left

rFire   . .          .
                       - Unarmed
rCold   . . .        (no shield)
rNeg    . . .        j - +0 plate armour
rPois   .            (helmet currently unavailable)
rElec   .            (cloak currently unavailable)
rCorr   +            (gloves currently unavailable)
SInv    .            (boots currently unavailable)
Will    .....        g - amulet of the acrobat Stlth
                     h - +6 ring of dexterity
HPRegen 0.29/turn    k - ring of resist corrosion
MPRegen 0.12/turn

%: acrobat
@: beast-form, studying Fighting
A: beast (slay +3), fangs 1, strong nose, distributed training
a: Begin Untransformation


You were on level 5 of the Dungeon.
You were a hulking beast.
You visited 1 branch of the dungeon, and saw 5 of its levels.

You collected 175 gold pieces.

Inventory:

Armour
 i - a scarf of invisibility
 j - a +0 plate armour (worn)
Jewellery
 g - an amulet of the acrobat (around neck)
 h - a +6 ring of dexterity (left hand)
 k - a ring of resist corrosion (right hand)
Talismans
 c - a beast talisman
 d - a flux talisman
Scrolls
 e - 2 scrolls of noise
 m - 2 scrolls of identify
Potions
 b - a potion of lignification
 f - a potion of curing


   Skills:
 + Level 4.1 Fighting
 + Level 2.2 Short Blades
 + Level 2.2 Long Blades
 + Level 2.2 Axes
 + Level 2.2 Maces & Flails
 + Level 2.2 Polearms
 + Level 2.2 Staves
 + Level 2.2 Ranged Weapons
 + Level 2.2 Throwing
 + Level 2.2 Armour
 + Level 5.1 Dodging
 + Level 2.2 Stealth
 + Level 2.2 Shields
 + Level 6.9 Unarmed Combat
 + Level 2.2 Spellcasting
 + Level 1.8 Conjurations
 + Level 1.8 Hexes
 + Level 1.8 Summonings
 + Level 1.8 Necromancy
 + Level 1.8 Translocations
 + Level 1.8 Transmutations
 + Level 1.8 Fire Magic
 + Level 1.8 Ice Magic
 + Level 1.8 Air Magic
 + Level 1.8 Earth Magic
 + Level 1.8 Poison Magic
 + Level 2.5 Invocations
 + Level 2.2 Evocations
 + Level 6.8 Shapeshifting


You had 10 spell levels left.
You didn't know any spells.
Your spell library contained the following spells:

 Spells                   Type           Power      Damage    Failure   Level
 Blink                    Tloc           8%         N/A       100%        2
 Lesser Beckoning         Tloc           8%         N/A       100%        2
 Momentum Strike          Conj/Tloc      8%         3d8       100%        2


Dungeon Overview and Level Annotations

Branches:
Dungeon (5/15)
 Temple: D:4-7

Altars:


Innate Abilities, Weirdness & Mutations

You are a hulking beast.
Your limbs bulge with bestial killing power. (Slay +3)
You have very sharp teeth.
Your uncanny sense of smell can sniff out nearby items.
Your experience applies equally to all skills.


Message History

The hound completely misses you.
The shadow imp shouts, "Remove thy stench, thou skyhacking tip-merry harpy!"
The white imp barely misses you. The hound closely misses you.
The white imp completely misses you. The hound attacks as it pursues you!
The hound completely misses you. The hound misses you.
The ogre hits you with a +0 giant club!!
You take 17 damage, and have 30/54 hp.
MASSIVE DAMAGE!!
Your surroundings suddenly seem different.
A gnoll bouda, a jackal and 4 gnolls come into view.
The gnoll bouda is wielding a +1 whip of electrocution.
The gnoll shouts!
The gnoll bouda shouts!
The gnoll shouts!
The jackal barks!
The gnoll shouts! x2; The gnoll sergeant shouts!
You hear a shout! x2
The gnoll bouda barks out a call to the hunt!
The gnolls pick up the pace!
A jackal comes into view.
The jackal barks!
The gnoll attacks as it pursues you! The gnoll barely misses you.
A gnoll sergeant comes into view. It is wielding a +0 trident.
The gnoll hits you with a +0 whip.
You take 4 damage, and have 26/54 hp.
The gnoll misses you. The gnoll sergeant closely misses you.
The gnoll attacks as it pursues you! The gnoll closely misses you.
The gnoll sergeant hits you with a +0 trident!
The gnoll closely misses you.
You take 8 damage, and have 18/54 hp.
You recover from your berserk rage.
The gnoll closely misses you. The gnoll misses you.
The gnoll sergeant hits you with a +0 trident!
* * * LOW HITPOINT WARNING * * *
A phantom comes into view.
You take 13 damage, and have 5/54 hp.
MASSIVE DAMAGE!!
You punch the gnoll sergeant!
You bite the gnoll sergeant, but do no damage.
The gnoll sergeant is moderately wounded.
The gnoll bouda barks out a call to the hunt!
The gnoll sergeant picks up the pace!
The gnoll barely misses you.
The gnoll sergeant hits you with a +0 trident!
You die...

##########
#...Wgh..##
#....##g.g.#
#..
##.g.######
# ##gh.....#
#gg...#.#
..#.. ..
#........#
.... ..
...h##....#
...# ..
.....##
#...# ... g#
+.....! ∆∆
#..#


You could see a phantom, 2 gnoll sergeants, a gnoll bouda, 4 gnolls and a
jackal.

Vanquished Creatures
  Grinder (D:3)
  2 hounds (D:5)
  2 orc wizards (D:4)
  2 gnolls (D:5)
  4 adders
  2 worms
  4 dart slugs
  4 orcs
  4 endoplasms
  4 giant cockroaches
  2 hobgoblins
  3 jackals (D:3)
  6 ball pythons
  4 bats
  A frilled lizard (D:3)
  4 goblins
  4 kobolds
  4 rats
57 creatures vanquished.

Vanquished Creatures (collateral kills)
  A dart slug (D:1)
1 creature vanquished.

Grand Total: 58 creatures vanquished

Notes
Turn   | Place    | Note
-------+----------+-------------------------------------------
     0 | D:1      | tsujin the Gnoll Shapeshifter began the quest for the Orb.
     0 | D:1      | Reached XP level 1. HP: 17/17 MP: 1/1
   210 | D:1      | Reached XP level 2. HP: 23/23 MP: 2/2
  1131 | D:2      | Reached XP level 3. HP: 20/28 MP: 2/4
  1154 | D:2      | Reached skill level 1 in Invocations
  1327 | D:2      | Identified a scroll of acquirement
  1327 | D:2      | Acquired a manual of Fighting
  1514 | D:3      | Noticed Grinder
  1525 | D:3      | Paralysed by Grinder for 3 turns
  1533 | D:3      | Killed Grinder
  1534 | D:3      | Reached skill level 1 in Short Blades
  1534 | D:3      | Reached skill level 1 in Long Blades
  1534 | D:3      | Reached skill level 1 in Axes
  1534 | D:3      | Reached skill level 1 in Maces & Flails
  1534 | D:3      | Reached skill level 1 in Polearms
  1534 | D:3      | Reached skill level 1 in Staves
  1534 | D:3      | Reached skill level 1 in Ranged Weapons
  1534 | D:3      | Reached skill level 1 in Throwing
  1534 | D:3      | Reached skill level 1 in Armour
  1534 | D:3      | Reached skill level 1 in Stealth
  1534 | D:3      | Reached skill level 1 in Shields
  1534 | D:3      | Reached skill level 1 in Spellcasting
  1534 | D:3      | Reached skill level 1 in Conjurations
  1534 | D:3      | Reached skill level 1 in Hexes
  1534 | D:3      | Reached skill level 1 in Summonings
  1534 | D:3      | Reached skill level 1 in Necromancy
  1534 | D:3      | Reached skill level 1 in Translocations
  1534 | D:3      | Reached skill level 1 in Transmutations
  1534 | D:3      | Reached skill level 1 in Fire Magic
  1534 | D:3      | Reached skill level 1 in Ice Magic
  1534 | D:3      | Reached skill level 1 in Air Magic
  1534 | D:3      | Reached skill level 1 in Earth Magic
  1534 | D:3      | Reached skill level 1 in Poison Magic
  1534 | D:3      | Reached skill level 1 in Evocations
  1534 | D:3      | Reached XP level 4. HP: 29/36 MP: 4/6
  1534 | D:3      | Reached XP level 5. HP: 33/41 MP: 4/7
  1534 | D:3      | Reached XP level 6. HP: 38/47 MP: 4/8
  2054 | D:3      | Reached skill level 5 in Dodging
  2450 | D:4      | You fall into a shaft and drop 1 floor!
  2450 | D:5      | Entered Level 5 of the Dungeon
  2510 | D:5      | Reached XP level 7. HP: 54/54 MP: 10/10
  2548 | D:5      | Slain by a gnoll sergeant

Illustrated notes

Levels and vault maps discovered:
D:1:      elethiomel_arrival_quiet, layout_basic, chequers_serial_rivers_large_a
D:2:      layout_loops_ring, minmay_pentomino_v2
D:3:      cheibrodos_old_hovel, layout_basic, serial_bayou,
          serial_bayou_shore_a, serial_bayou_pond_e, serial_bayou_lake_a,
          serial_bayou_pond_e, serial_bayou_pond_a, serial_bayou_pond_b,
          uniq_grinder
D:4:      layout_rooms
D:5:      layout_cave_pools, mainiacjoe_overflow_tiny_flanked,
          minmay_temple_entry_waves, serial_gnoll_camp, gnoll_camp_mini_shop,
          gnoll_camp_huts_basic, gnoll_camp_mini_basic, gnoll_camp_mini_hut,
          gnoll_camp_mini_basic, gnoll_camp_mini_hut

Skill      XL: |  1  2  3  4  5  6 |
---------------+-------------------+-----
Invocations    | 2 |  2.5
Fighting       | 3 4 |  4.1
Short Blades   | 1 2 |  2.2
Long Blades    | 1 2 |  2.2
Axes           | 1 2 |  2.2
Maces & Flails | 1 2 |  2.2
Polearms       | 1 2 |  2.2
Staves         | 1 2 |  2.2
Ranged Weapons | 1 2 |  2.2
Throwing       | 1 2 |  2.2
Armour         | 1 2 |  2.2
Stealth        | 1 2 |  2.2
Shields        | 1 2 |  2.2
Spellcasting   | 1 2 |  2.2
Conjurations   | 1 |  1.8
Hexes          | 1 |  1.8
Summonings     | 1 |  1.8
Necromancy     | 1 |  1.8
Translocations | 1 |  1.8
Transmutations | 1 |  1.8
Fire Magic     | 1 |  1.8
Ice Magic      | 1 |  1.8
Air Magic      | 1 |  1.8
Earth Magic    | 1 |  1.8
Poison Magic   | 1 |  1.8
Evocations     | 1 2 |  2.2
Dodging        | 5 |  5.1
Unarmed Combat | |  6.9
Shapeshifting  | |  6.8

Action                     |  1- 3 |  4- 6 |  7- 9 || total
---------------------------+-------+-------+-------++-------
  Melee: Unarmed           |    44 |    60 |     4 ||   108
         Punch             |     4 |       |     1 ||     5
         Bite              |     6 |     3 |     2 ||    11
    Use: Scroll            |     3 |     4 |     3 ||    10
         Potion            |     3 |     1 |       ||     4
 Armour: Ring mail         |    22 |     2 |       ||    24
         Plate armour      |       |    28 |    12 ||    40
  Dodge: Dodged            |    35 |    26 |    24 ||    85

Table legend: (Time is in decaauts)
 A = Elapsed time spent in this place.
 B = Non-inter-level travel time spent in this place.
 C = Inter-level travel time spent in this place.
 D = Time resting spent in this place.
 E = Time spent auto-exploring this place.
 F = Levels seen in this place.
 G = Mean time per level.
                   A        B        C        D        E       F      G
               +--------+--------+--------+--------+--------+-----+--------+
         Total |   2589 |   2515 |     74 |      1 |   2041 |   5 |  517.8 |
       Dungeon |   2589 |   2515 |     74 |      1 |   2041 |   5 |  517.8 |
               +--------+--------+--------+--------+--------+-----+--------+

Top non-repeatable levels by time:
     D:3: 830 daAuts
     D:1: 775 daAuts
     D:2: 743 daAuts
     D:4: 134 daAuts
     D:5: 104 daAuts
